 Dungeon Crawl Stone Soup version 0.24.0-123-gd5b16e6ec5 (webtiles) character file.

Game seed: 12774005974830955136, levelgen mode: deterministic

276 Chiseanne the Magician (level 6, -13/46 HPs)
             Began as a Demonspawn Wanderer on Jan 24, 2020.
             Mangled by Prince Ribbit (14 damage)
             ... on level 5 of the Dungeon.
             The game lasted 00:09:59 (5442 turns).

Chiseanne the Magician (Demonspawn Wanderer)        Turns: 5442, Time: 00:10:00

Health: -13/46     AC:  7    Str: 16    XL:     6   Next: 4%
Magic:  11/11      EV: 11    Int: 18    God:
Gold:   98         SH:  0    Dex: 11    Spells: 10/12 levels left

rFire    + . .     SeeInvis .   a - +4 dagger (elec)
rCold    . . .     Gourm    .   (no shield)
rNeg     . . .     Faith    .   s - +0 leather armour
rPois    .         Spirit   .   m - +2 helmet
rElec    .         Reflect  .   t - +0 cloak
rCorr    .         Harm     .   (no gloves)
MR       .....                  (no boots)
Stlth    +.........             (no amulet)
HPRegen  0.15/turn              (no ring)
MPRegen  0.12/turn              (no ring)

@: mighty
A: claws 1, fire resistance 1
a: no special abilities


You were on level 5 of the Dungeon.
You were not hungry.

You visited 1 branch of the dungeon, and saw 5 of its levels.

You collected 98 gold pieces.

Inventory:

Hand Weapons
 a - a +4 dagger of electrocution (weapon)
Missiles
 e - 6 poisoned darts (quivered)
 i - 124 stones
 j - 41 arrows
 k - 47 bolts
 p - a throwing net
Armour
 m - a +2 helmet (worn)
 s - a +0 leather armour (worn)
 t - a +0 cloak (worn)
Jewellery
 o - a +4 ring of slaying {unknown}
Wands
 d - a wand of random effects (18)
Scrolls
 c - 2 scrolls of enchant armour
Potions
 g - a potion of heal wounds {unknown}
 h - 2 potions of curing
 n - a potion of agility {unknown}
 q - a potion of brilliance {unknown}
 r - a potion of might
 u - a potion of cancellation {unknown}
Comestibles
 f - 11 rations


   Skills:
 * Level 2.7 Fighting
   Level 1.0 Polearms
 - Level 1.0 Throwing
 * Level 3.7 Spellcasting
 * Level 1.7 Conjurations
   Level 3.6 Charms
 - Level 3.5 Evocations


You had 10 spell levels left.
You knew the following spells:

 Your Spells              Type           Power        Failure   Level  Hunger
a - Throw Frost           Conj/Ice       #.....       21%         2    ##.....

Your spell library contained the following spells:

 Spells                   Type           Power        Failure   Level  Hunger
 Ensorcelled Hibernation  Hex/Ice        #.....       28%         2    ##.....


Dungeon Overview and Level Annotations

Branches:
Dungeon (5/15)
 Temple: D:4-7

Altars:
Ashenzari
Gozag
Hepliaklqana
Qazlal
Trog
The Shining One

Annotations:
D:4 2 runed translucent doors, Locuples's ghost, novice DsAs
D:5 Prince Ribbit


Innate Abilities, Weirdness & Mutations

You have sharp fingernails.
Your flesh is heat resistant. (rF+)


Message History

Press: ? - help, Shift-Dir - straight line, f - Prince Ribbit
Aim: Prince Ribbit (lightly wounded)
You throw a curare-tipped dart.
The curare-tipped dart misses Prince Ribbit.
Prince Ribbit hits you!
* * * LOW HITPOINT WARNING * * *
Prince Ribbit barely misses you.
It was a potion of curing.
You feel better. Prince Ribbit hits you!
* * * LOW HITPOINT WARNING * * *
It was a potion of might.
You feel very mighty all of a sudden.
Prince Ribbit blinks!
Found 20 stones and a scroll labeled WAFUON XUQA.
There is a stone staircase leading down here.
You can't go up here!
A frilled lizard comes into view.
Prince Ribbit blinks!
Prince Ribbit lets out a mournful croak.
Prince Ribbit hits you!
You die...

(... ?..
.# #..
#.###
..##..(.
#....l.
#..#.#
#..(.#
#.@F# #.
##.># ...
##.# #.#
#ยง# #.#
#.# # #.#
#.# #.#.#
#.#
#.#.#####
#.#
#......<#
#.#
###.#####


You could see Prince Ribbit and a frilled lizard.

Vanquished Creatures
  An orc wizard (D:3)
  2 worker ants (D:4)
  3 gnolls (D:2)
  6 adders
  A shadow imp (D:4)
  2 oozes (D:2)
  6 worms
  4 dart slugs
  3 leopard geckos
  3 orcs (D:2)
  A ball python (D:3)
  6 giant cockroaches
  7 goblins
  5 hobgoblins
  2 jackals (D:3)
  9 kobolds
  2 quokkas
  8 bats
  11 frilled lizards
  14 rats
96 creatures vanquished.

Vanquished Creatures (others)
  A gnoll (D:2)
  An adder (D:2)
  A bat (D:2)
  A rat (D:2)
4 creatures vanquished.

Grand Total: 100 creatures vanquished

Notes
Turn   | Place    | Note
-------+----------+-------------------------------------------
     0 | D:1      | Chiseanne the Demonspawn Wanderer began the quest for the
                  | Orb.
     0 | D:1      | Chiseanne set off with the following items: a +2 dagger, 4
                  | curare-tipped darts, a wand of random effects (15), a +0
                  | robe, a ration; and the following spells available to
                  | memorise: Ensorcelled Hibernation, Throw Frost
     0 | D:1      | Reached XP level 1. HP: 16/16 MP: 2/2
     6 | D:1      | Noticed an ettin
     6 | D:1      | Noticed a worker ant
     6 | D:1      | Noticed a tyrant leech
     6 | D:1      | Noticed a basilisk
   673 | D:1      | Gained mutation: Your flesh is heat resistant. (rF+)
                  | [demonic ancestry]
   673 | D:1      | Reached XP level 2. HP: 22/22 MP: 2/4
  1034 | D:1      | You fall into a shaft and drop 1 floor!
  1191 | D:2      | Found an opulent altar of Gozag.
  1197 | D:2      | Gained mutation: You have sharp fingernails. [demonic
                  | ancestry]
  1197 | D:2      | Reached XP level 3. HP: 22/27 MP: 6/6
  2044 | D:2      | Reached XP level 4. HP: 33/33 MP: 7/7
  3191 | D:2      | Reached XP level 5. HP: 25/38 MP: 9/9
  3757 | D:2      | Learned a level 2 spell: Throw Frost
  4183 | D:3      | Reached skill level 1 in Conjurations
  4312 | D:3      | Found a hazy altar of Hepliaklqana.
  4339 | D:3      | Found a shattered altar of Ashenzari.
  4403 | D:3      | Found a glowing golden altar of the Shining One.
  4988 | D:4      | Found a large runed translucent door.
  4990 | D:4      | Found a large runed translucent door.
  4990 | D:4      | Noticed Locuples's ghost (novice DsAs)
  5030 | D:4      | Found a stormy altar of Qazlal.
  5120 | D:4      | Noticed a moth of wrath
  5125 | D:4      | Found a bloodstained altar of Trog.
  5137 | D:4      | Reached XP level 6. HP: 46/46 MP: 11/11
  5415 | D:5      | Entered Level 5 of the Dungeon
  5431 | D:5      | Noticed Prince Ribbit
  5438 | D:5      | HP: 1/46 [Prince Ribbit (12)]
  5442 | D:5      | Mangled by Prince Ribbit

Levels and vault maps discovered:
D:1:      onia_arrival_zoo_common, layout_basic, st_stairs_8, minmay_tripent
D:2:      layout_basic, lemuel_doored_altar, lemuel_old_faithful
D:3:      layout_rooms, overflow_temple_1_default, lemuel_round_altar,
          cheibrodos_ashenzari_chains
D:4:      layout_basic, tgw_trog, first_ration, ebering_ghost_disaster_area,
          minmay_misc_feat_square, nicolae_qazlal_general_emergency
D:5:      layout_basic, nicolae_overflow_crystal_walls,
          minmay_temple_entry_overgrown, grunt_decor_cap, xom_teletrap_fun,
          uniq_blork_the_orc, uniq_menkaure, uniq_prince_ribbit1

Skill      XL: |  1  2  3  4  5 |
---------------+----------------+-----
Evocations     | 2 3 |  3.5
Spellcasting   | 2 3 |  3.7
Conjurations   | 1 |  1.7
Fighting       | |  2.7
Polearms       | |  1.0
Throwing       | |  1.0
Charms         | |  3.6

Action                   |  1- 3 |  4- 6 || total
-------------------------+-------+-------++-------
Melee: Dagger            |   109 |   205 ||   314
Throw: Dart              |     3 |     9 ||    12
Evoke: Wand              |     9 |       ||     9
  Use: Scroll            |     3 |     5 ||     8
       Potion            |       |     2 ||     2
  Eat: Chunk             |     4 |    10 ||    14
Armor: Robe              |    37 |    27 ||    64
       Leather armour    |       |    41 ||    41
Dodge: Dodged            |    87 |    98 ||   185
